Map: Rhoskallian LE

Players

Massa - Winner!

  • Race: Terran Terran
  • League: Platinum
  • Spawn Location: 6:00

qqq - Winner!

  • Race: Protoss Protoss
  • League: Platinum
  • Spawn Location: 5:00

Александр

  • Race: Zerg Zerg
  • Spawn Location: 11:00

AngryJaguar

  • Race: Zerg Zerg
  • League: Diamond
  • Spawn Location: 12:00

VOD

Have the link to the VOD?

Description

Time

  • Played on: Dec. 13, 2020, 3:47 p.m.
  • Length: 27:51
Show
View Real Time Build Order
Export as new Build Order

Massa Terran - Winner!

Build Orders:  

Get SALT Encoding   

  12  0:00  SCV  
  13  0:12  SCV  
  14  0:44  Command Center  
  14  0:49  SCV  
  15  1:02  Supply Depot  
  15  1:11  Refinery  
  15  1:23  SCV  
  16  1:26  Barracks  
  16  1:34  Supply Depot  
  16  1:39  SCV  
  17  1:48  Barracks  
  17  2:14  SCV x2  
  19  2:21  Marine  
  19  2:33  SCV  
  20  2:39  Marine  
  20  2:42  Orbital Command  
  21  2:45  Supply Depot  
  21  2:51  Supply Depot  
  21  2:56  Marine  
  21  2:57  Marine  
  23  3:04  SCV  
  24  3:14  Marine  
  24  3:15  Marine  
  24  3:18  SCV  
  27  3:26  Engineering Bay  
  27  3:27  SCV  
  27  3:30  SCV  
  27  3:33  Marine  
  30  3:34  Reaper  
  30  3:39  SCV  
  32  3:42  SCV  
  34  4:01  Factory  
  33  4:02  Refinery  
  33  4:06  Planetary Fortress  
  33  4:37  Barracks Tech Lab  
  33  4:47  Supply Depot  
  33  4:50  Starport  
  33  4:55  Barracks  
  33  4:56  Factory Tech Lab  
  33  4:59  Marine  
  34  5:00  Marine  
  35  5:11  Supply Depot  
  35  5:17  Marine  
  35  5:18  Marine  
  37  5:22  SCV x2  
  39  5:34  SCV x2  
  41  5:35  Supply Depot  
  40  5:46  SCV x2, Sensor Tower  
  40  5:48  Missile Turret  
  40  5:49  Missile Turret  
  42  5:51  Terran Infantry Weapons Level 1  
  42  5:54  Missile Turret  
  42  5:57  Missile Turret  
  42  5:58  SCV x2  
  42  6:02  Medivac  
  46  6:10  SCV x2  
  48  6:12  Widow Mine  
  48  6:14  Command Center  
  48  6:15  Stimpack  
  48  6:16  Marine  
  51  6:19  Marauder  
  51  6:22  SCV x2, Marine  
  56  6:33  Marine  
  56  6:37  Siege Tank  
  60  6:43  Refinery, Marine  
  60  6:46  Barracks Reactor  
  60  6:47  Refinery  
  61  6:48  SCV x2  
  61  6:51  Marine  
  64  6:57  Refinery  
  64  6:58  Refinery  
  64  7:00  SCV x2  
  66  7:12  SCV  
  66  7:13  Marine x2  
  69  7:23  SCV  
  69  7:24  SCV  
  71  7:31  Marine  
  71  7:32  Marauder  
  71  7:33  Orbital Command  
  71  7:36  SCV x2  
  76  7:46  Starport Reactor  
  76  7:48  SCV  
  76  7:49  Barracks x2, Marine  
  78  7:53  Marauder, Marine  
  78  7:54  Marine  
  82  7:59  SCV x2  
  82  8:00  SCV  
  85  8:07  Marine  
  85  8:11  SCV x2, Marine  
  85  8:12  SCV, Marine  
  91  8:14  Marauder  
  91  8:19  Combat Shield  
  93  8:23  SCV x2  
  93  8:24  SCV, Marine  
  93  8:25  Siege Tank  
  100  8:45  Marine  
  100  8:46  Barracks Reactor  
  101  8:55  Supply Depot x2  
  101  8:59  Supply Depot  
  101  9:00  Supply Depot  
  101  9:02  Supply Depot  
  101  9:06  Supply Depot  
  101  9:08  Supply Depot  
  101  9:17  SCV x3, Marauder, Marine x4, Siege Tank  
  113  9:29  SCV x3  
  113  9:31  Marine x2  
  117  9:34  Marine x3  
  117  9:35  Marine  
  117  9:38  Concussive Shells  
  122  9:39  Marauder  
  124  9:49  Siege Tank  
  124  9:51  Command Center  
  127  9:59  Command Center  
  127  10:00  Marauder  
  127  10:01  Terran Infantry Armor Level 1  
  127  10:04  Armory  
  129  10:08  Engineering Bay  
  129  10:11  Armory, Medivac x2  
  133  10:19  Barracks Tech Lab  
  133  10:21  Marauder, Siege Tank  
  133  10:27  Marine x5  
  143  10:41  Medivac x2  
  147  10:43  Marauder  
  147  10:45  Marine x5  
  120  11:02  Marauder, Marine  
  115  11:04  Marauder  
  115  11:10  Planetary Fortress  
  117  11:13  Marine  
  117  11:17  Missile Turret  
  117  11:18  SCV x3, Missile Turret  
  119  11:19  Missile Turret  
  119  11:20  Siege Tank  
  119  11:24  Marauder  
  126  11:26  Marauder  
  126  11:27  Medivac  
  126  11:28  Medivac  
  126  11:30  SCV x3  
  135  11:42  SCV x3  
  135  11:45  Marauder  
  140  11:47  Marauder  
  140  11:52  Siege Tank  
  139  11:54  SCV  
  101  12:21  Marauder, Marine  
  101  12:22  Marauder, Marine x4  
  102  12:25  Siege Tank  
  102  12:27  SCV  
  102  12:28  SCV x2  
  102  12:29  SCV  
  109  12:39  Marine  
  109  12:40  SCV x3, Marine x4  
  109  12:41  SCV  
  109  12:43  Marauder x2  
  122  12:52  SCV  
  122  12:57  Marine, Siege Tank  
  122  12:58  Marine x4  
  131  13:04  Marauder  
  131  13:05  Barracks, Marauder  
  135  13:07  Barracks, Terran Infantry Weapons Level 2  
  135  13:08  Barracks  
  135  13:13  Bunker  
  135  13:15  Bunker, Marine x3  
  138  13:25  Marauder  
  138  13:26  Marauder, Medivac x2  
  120  13:47  Marauder x2  
  116  13:55  Medivac  
  116  13:56  Marine  
  116  13:57  Marine x4  
  116  14:01  SCV x3  
  116  14:02  SCV  
  127  14:08  Marauder  
  127  14:09  Marauder, Marine  
  124  14:10  Marine x2  
  124  14:13  SCV  
  124  14:14  Marine x4  
  131  14:22  Marine  
  132  14:27  Marine x3, Medivac x2  
  132  14:30  Marauder x2  
  143  14:32  Marine x4  
  147  14:40  Marine  
  147  14:45  Marine x3  
  147  14:49  Marine  
  147  14:51  Marauder x2  
  141  14:54  Marine  
  141  14:55  Marine x2  
  141  14:58  Marine  
  145  15:02  Marine  
  145  15:03  Marine x2  
  133  15:07  Marine  
  133  15:12  Marauder, Marine x2  
  133  15:13  Marauder  
  139  15:34  Marauder x2  
  132  15:41  Siege Tank  
  128  15:48  Barracks Reactor, Barracks Tech Lab  
  128  15:49  Barracks Tech Lab  
  125  15:55  Bunker, Marauder  
  125  15:56  Marauder  
  129  15:59  Command Center  
  129  16:01  Terran Infantry Armor Level 2  
  129  16:02  Terran Infantry Weapons Level 3  
  129  16:03  Terran Vehicle And Ship Armor Level 1, Command Center, Terran Vehicle Weapons Level 1  
  129  16:13  Siege Tank  
  129  16:16  Marauder  
  129  16:17  Marauder  
  136  16:23  Factory  
  136  16:25  Factory  
  136  16:26  Factory  
  136  16:45  Siege Tank  
  138  17:17  Siege Tank  
  141  17:27  Marine  
  141  17:28  Marauder x3, Marine  
  149  17:30  Factory Tech Lab x2  
  149  17:31  Factory Tech Lab  
  149  17:49  Siege Tank  
  146  18:07  Marauder  
  146  18:08  Marauder x3  
  146  18:09  Marine x2  
  146  18:10  Marine x2  
  155  18:15  Missile Turret  
  155  18:21  Siege Tank  
  153  18:29  Marauder x4  
  151  18:35  Missile Turret  
  151  18:36  Siege Tank x3  
  151  18:39  Smart Servos  
  160  18:44  Medivac x2  
  164  18:50  Marauder x2  
  164  18:51  Marauder x2  
  164  18:53  Siege Tank  
  164  18:54  Missile Turret  
  175  19:08  Siege Tank  
  177  19:12  Marauder  
  177  19:14  Medivac x2, Missile Turret  
  183  19:19  Marauder  
  183  19:20  Marauder  
  187  19:25  Marauder  
  187  19:29  Supply Depot  
  187  19:30  Supply Depot  
  144  19:33  Marauder  
  144  19:34  Missile Turret  
  126  19:38  Planetary Fortress  
  126  19:41  Planetary Fortress  
  126  19:53  Missile Turret  
  126  19:59  Marine x5  
  118  20:12  Marine x2  
  118  20:13  Marine x3  
  110  21:25  Marine  
  110  21:26  Marine x10  
  79  21:41  Siege Tank x4  
  79  21:43  Marine  
  79  21:44  Marauder x4, Marine x3  
  79  21:46  Drilling Claws  
  103  21:49  Terran Infantry Armor Level 3  
  103  21:51  Hi-Sec Auto Tracking  
  103  21:55  Refinery  
  103  21:56  Refinery  
  103  22:06  Marauder x2  
  107  22:13  Siege Tank x3  
  116  22:42  Marine x6  
  116  22:43  Marine x5  
  127  22:48  Neosteel Armor  
  105  22:59  Marine  
  105  23:00  Marine x2  
  105  23:01  Marauder x2  
  92  23:06  Siege Tank  
  92  23:07  Siege Tank x3  
  93  23:19  Marauder  
  87  23:20  Marauder, Marine x7  
  87  23:22  Marauder  
  87  23:23  Marauder  
  83  23:37  Marine, Missile Turret  
  83  23:38  Marine x3, Siege Tank  
  83  23:39  Medivac x2  
  83  23:41  Marauder, Siege Tank x3  
  99  23:49  Missile Turret  
  92  24:09  Medivac x2  
  93  24:11  Siege Tank  
  95  24:34  Command Center  
  72  25:50  Marine x2  
  72  25:51  Marine  
  72  27:01  Orbital Command  
Show
View Real Time Build Order
Export as new Build Order

qqq Protoss - Winner!

Build Orders: Forge Fast Expand (FFE), Carriers 

Get SALT Encoding   

  12  0:01  Probe  
  13  0:17  Pylon  
  13  0:32  Probe  
  14  0:36  Forge  
  14  1:16  Pylon  
  14  1:27  Probe  
  15  1:38  Nexus  
  15  1:39  Probe  
  16  1:44  Photon Cannon  
  16  1:51  Probe  
  17  1:58  Photon Cannon  
  17  2:09  Pylon  
  17  2:17  Probe  
  17  2:22  Gateway  
  18  2:29  Probe  
  19  2:41  Probe, Assimilator  
  20  2:49  Photon Cannon  
  20  2:53  Probe x2  
  22  3:05  Probe x2  
  24  3:06  Pylon  
  24  3:17  Probe x2  
  26  3:20  Assimilator  
  26  3:25  Cybernetics Core  
  26  3:29  Probe x2  
  28  3:41  Probe (Chrono Boost)  
  28  3:45  Probe (Chrono Boost)  
  30  3:53  Probe (Chrono Boost)  
  30  3:55  Pylon  
  32  3:57  Probe (Chrono Boost)  
  32  4:00  Probe (Chrono Boost)  
  33  4:03  Assimilator  
  33  4:06  Probe  
  34  4:11  Probe  
  34  4:13  Stargate  
  35  4:18  Probe  
  35  4:23  Probe  
  37  4:30  Probe  
  38  4:35  Probe, Assimilator  
  39  4:42  Probe  
  40  4:48  Probe  
  40  4:49  Pylon, Stargate  
  41  4:54  Probe  
  41  4:59  Nexus  
  42  5:02  Pylon  
  42  5:05  Pylon  
  44  5:07  Phoenix  
  44  5:19  Probe  
  45  5:26  Photon Cannon  
  45  5:29  Photon Cannon  
  45  5:31  Probe  
  45  5:32  Phoenix  
  45  5:35  Fleet Beacon  
  48  5:43  Probe  
  48  5:48  Phoenix  
  51  5:57  Phoenix  
  53  6:13  Phoenix  
  55  6:22  Phoenix  
  55  6:23  Protoss Air Weapons Level 1 (Chrono Boost)  
  57  6:33  Probe  
  58  6:45  Probe, Carrier  
  65  6:57  Probe  
  66  7:05  Carrier  
  72  7:09  Probe  
  73  7:16  Nexus  
  73  7:18  Pylon  
  73  7:21  Probe  
  73  7:22  Pylon  
  74  7:33  Probe  
  75  7:45  Probe, Assimilator  
  75  7:47  Carrier (Chrono Boost)  
  75  7:50  Assimilator  
  82  7:52  Photon Cannon  
  82  7:55  Photon Cannon  
  82  7:57  Probe  
  82  7:58  Shield Battery  
  83  8:00  Photon Cannon  
  83  8:04  Photon Cannon  
  83  8:06  Carrier (Chrono Boost)  
  83  8:08  Pylon  
  83  8:09  Probe  
  90  8:13  Photon Cannon  
  90  8:19  Protoss Air Armor Level 1 (Chrono Boost)  
  90  8:22  Probe  
  91  8:34  Probe (Chrono Boost)  
  92  8:44  Probe (Chrono Boost), Carrier  
  99  8:49  Probe (Chrono Boost)  
  99  8:51  Robotics Facility  
  100  9:01  Probe (Chrono Boost), Photon Cannon, Shield Battery  
  100  9:02  Photon Cannon  
  102  9:03  Carrier, Pylon  
  102  9:05  Probe (Chrono Boost)  
  109  9:10  Probe (Chrono Boost)  
  109  9:14  Probe (Chrono Boost)  
  109  9:15  Probe (Chrono Boost)  
  111  9:24  Probe  
  111  9:27  Probe  
  111  9:30  Assimilator  
  113  9:33  Assimilator  
  113  9:34  Stargate  
  113  9:36  Probe  
  114  9:39  Probe (Chrono Boost)  
  114  9:40  Photon Cannon  
  114  9:44  Stargate  
  115  9:45  Photon Cannon  
  115  9:48  Carrier  
  115  9:51  Probe (Chrono Boost), Photon Cannon  
  123  9:53  Probe (Chrono Boost)  
  123  9:55  Pylon  
  124  10:00  Probe (Chrono Boost)  
  124  10:02  Observer (Chrono Boost)  
  124  10:06  Probe, Mothership  
  133  10:07  Tempest  
  139  10:18  Probe  
  140  10:21  Observer (Chrono Boost)  
  135  10:35  Observer  
  129  10:38  Carrier  
  112  10:56  Observer  
  103  11:14  Void Ray  
  103  11:19  Carrier x2  
  103  11:23  Nexus  
  119  11:27  Photon Cannon  
  119  11:29  Photon Cannon x2  
  119  11:30  Photon Cannon  
  119  11:31  Shield Battery  
  119  11:32  Pylon  
  119  11:33  Photon Cannon  
  119  11:36  Void Ray  
  119  11:37  Photon Cannon  
  119  12:04  Void Ray  
  119  12:05  Pylon  
  119  12:13  Void Ray  
  117  12:17  Void Ray  
  115  12:31  Carrier  
  121  12:41  Void Ray  
  121  12:46  Nexus  
  121  12:47  Shield Battery  
  121  12:48  Photon Cannon, Pylon  
  121  12:51  Void Ray  
  125  12:52  Pylon  
  119  13:18  Nexus  
  119  13:22  Void Ray  
  119  13:23  Void Ray  
  119  13:27  Photon Cannon  
  119  13:28  Void Ray  
  119  13:29  Photon Cannon  
  119  13:30  Photon Cannon, Void Ray  
  119  13:31  Photon Cannon  
  119  13:33  Photon Cannon  
  109  14:00  Void Ray x2  
  104  14:08  Probe  
  113  14:11  Carrier  
  119  14:18  Shield Battery  
  119  14:20  Probe  
  119  14:23  Carrier  
  126  14:26  Photon Cannon  
  126  14:28  Photon Cannon x2  
  126  14:33  Probe  
  127  14:45  Probe  
  128  14:57  Probe  
  129  15:01  Pylon  
  129  15:03  Pylon  
  129  15:06  Pylon  
  129  15:09  Probe  
  129  15:12  Pylon  
  130  15:14  Carrier  
  130  15:19  Carrier  
  143  15:21  Probe  
  143  15:23  Nexus  
  143  15:26  Pylon  
  143  15:30  Phoenix, Pylon  
  143  15:31  Carrier  
  143  15:33  Probe  
  152  15:45  Probe  
  152  15:48  Photon Cannon  
  153  15:51  Photon Cannon  
  153  15:56  Carrier  
  159  16:06  Photon Cannon, Shield Battery  
  159  16:07  Photon Cannon  
  159  16:09  Pylon  
  159  16:12  Void Ray  
  159  16:14  Probe  
  160  16:24  Carrier  
  160  16:25  Pylon  
  170  16:26  Probe  
  171  16:38  Probe, Carrier  
  178  16:54  Mothership  
  186  17:00  Protoss Air Weapons Level 2 (Chrono Boost)  
  186  17:01  Photon Cannon  
  186  17:03  Pylon  
  186  17:32  Carrier  
  186  17:33  Carrier  
  198  17:46  Photon Cannon  
  191  18:20  Pylon  
  191  18:21  Nexus  
  191  18:22  Photon Cannon  
  191  18:23  Pylon, Shield Battery  
  191  18:25  Shield Battery  
  191  18:26  Pylon  
  189  18:27  Pylon  
  189  18:28  Shield Battery  
  189  18:30  Carrier  
  189  18:31  Shield Battery  
  189  18:49  Shield Battery  
  188  19:04  Probe  
  189  19:12  Photon Cannon  
  189  19:16  Probe  
  190  19:17  Photon Cannon  
  190  19:28  Probe  
  190  19:30  Protoss Air Armor Level 2  
  191  19:37  Pylon  
  191  19:40  Probe, Pylon x2  
  191  19:42  Pylon  
  116  20:13  Void Ray x4  
  114  20:29  Photon Cannon  
  113  20:40  Photon Cannon  
  110  20:50  Void Ray x3  
  122  20:57  Tempest  
  127  21:27  Void Ray  
  127  21:33  Tempest, Carrier  
  142  21:41  Carrier  
  148  21:48  Assimilator  
  148  22:10  Tempest, Void Ray  
  157  22:31  Void Ray  
  157  22:32  Protoss Air Weapons Level 3  
  155  22:39  Void Ray  
  135  23:01  Void Ray  
  129  23:06  Tempest  
  129  23:09  Void Ray  
  121  24:53  Flux Vanes  
  99  25:29  Carrier  
  99  25:33  Carrier  
  99  25:35  Carrier  
  96  26:54  Nexus  
Show
View Real Time Build Order
Export as new Build Order

Александр Zerg 

Build Orders: Pool First 

Get SALT Encoding   

  12  0:16  Drone  
  13  0:24  Spawning Pool  
  13  0:27  Drone  
  13  0:36  Overlord  
  13  0:56  Drone  
  14  1:11  Zergling x4  
  14  1:12  Zergling x2  
  17  1:33  Hatchery, Drone x2  
  17  1:39  Extractor  
  17  1:41  Queen  
  19  2:04  Drone x2  
  20  2:33  Drone  
  20  2:34  Overlord x2  
  21  2:46  Queen  
  23  2:58  Queen  
  25  2:59  Hatchery  
  24  3:07  Drone x2  
  24  3:09  Drone  
  27  3:15  Drone  
  27  3:17  Drone  
  29  3:22  Drone  
  29  3:26  Drone  
  31  3:28  Drone  
  31  3:33  Drone  
  33  3:42  Queen  
  33  3:45  Drone  
  33  3:48  Drone  
  37  3:50  Drone  
  37  3:53  Drone  
  37  3:55  Drone  
  40  3:57  Drone  
  40  4:00  Drone  
  43  4:02  Drone  
  43  4:09  Overlord  
  43  4:12  Overlord  
  43  4:26  Queen  
  43  4:27  Overlord  
  43  4:29  Overlord  
  45  4:35  Drone x5  
  50  4:41  Lair  
  50  4:42  Extractor  
  49  4:47  Drone x3  
  49  4:48  Drone  
  49  4:52  Overlord  
  53  4:57  Extractor  
  52  5:01  Drone x3  
  52  5:02  Extractor  
  52  5:03  Drone x2  
  52  5:04  Drone  
  57  5:16  Drone  
  57  5:17  Drone x8  
  66  5:26  Zergling x2  
  66  5:27  Zergling x4  
  69  5:45  Spire  
  69  5:46  Drone x2  
  69  5:47  Zergling x2  
  69  5:48  Zergling x10  
  76  5:52  Baneling Nest  
  76  5:56  Extractor x2  
  76  5:57  Drone x3  
  75  6:01  Drone x2  
  75  6:02  Drone  
  79  6:17  Zergling x2  
  79  6:18  Zergling x16  
  88  6:27  Metabolic Boost  
  88  6:37  Drone  
  88  6:38  Baneling  
  88  6:39  Baneling x15, Evolution Chamber  
  88  6:40  Evolution Chamber  
  88  6:44  Spore Crawler  
  88  6:45  Spore Crawler  
  85  6:47  Spore Crawler  
  85  6:48  Spore Crawler  
  85  6:49  Spore Crawler  
  85  6:50  Spore Crawler  
  81  7:06  Zerg Flyer Armor Level 1, Corruptor  
  81  7:07  Corruptor x3  
  89  7:13  Overlord x2  
  89  7:20  Centrifical Hooks  
  89  7:23  Zerg Melee Weapons Level 1  
  89  7:24  Zerg Ground Armor Level 1  
  89  7:56  Drone x4  
  93  7:58  Zergling x2, Infestation Pit  
  93  7:59  Zergling x24  
  105  8:08  Overlord x4  
  105  8:27  Drone  
  105  8:28  Drone x8  
  105  8:33  Overlord x2  
  105  8:34  Corruptor  
  114  8:39  Corruptor  
  118  8:44  Corruptor  
  118  8:47  Corruptor  
  122  8:51  Corruptor  
  124  9:00  Zerg Flyer Weapons Level 1  
  124  9:01  Baneling x3  
  124  9:12  Corruptor  
  124  9:13  Corruptor x4  
  134  9:23  Overlord  
  134  9:24  Overlord x3  
  134  9:25  Overseer x2  
  134  9:31  Pneumatized Carapace  
  135  9:45  Zergling x2  
  135  9:46  Zergling x22  
  146  9:58  Zerg Ground Armor Level 2, Zerg Melee Weapons Level 2  
  146  10:09  Baneling x5  
  146  10:16  Extractor, Hatchery  
  146  10:19  Extractor  
  133  10:36  Corruptor  
  133  10:37  Corruptor x7  
  105  11:01  Zergling x2  
  105  11:02  Zergling x22  
  110  11:19  Drone x3  
  113  11:35  Zergling x2  
  113  11:36  Zergling x14  
  113  11:37  Baneling  
  113  11:38  Baneling x18  
  112  12:10  Zergling x16  
  112  12:11  Zergling x18  
  117  12:24  Zergling x4  
  117  12:25  Zergling x22  
  117  12:27  Hive  
  130  12:30  Pathogen Glands  
  130  12:46  Corruptor x7  
  130  12:47  Corruptor  
  146  12:51  Zerg Flyer Weapons Level 2  
  146  13:04  Baneling x14  
  146  13:05  Baneling x4  
  138  13:26  Neural Parasite  
  111  13:42  Zergling x6  
  111  13:43  Zergling x36  
  114  14:02  Zergling x2  
  113  14:03  Zergling x20  
  123  14:20  Zerg Melee Weapons Level 3, Zerg Ground Armor Level 3  
  123  14:22  Adrenal Glands  
  123  14:23  Zergling x2  
  123  14:34  Overlord x3  
  123  14:44  Corruptor x2  
  127  14:50  Hatchery  
  124  14:59  Corruptor x4  
  111  15:13  Corruptor x3  
  115  15:31  Corruptor x3  
  115  15:32  Corruptor x2  
  118  15:42  Zerg Flyer Weapons Level 3  
  118  15:52  Zergling x16  
  118  15:53  Zergling x2  
  118  15:56  Baneling x4  
  127  16:12  Corruptor  
  127  16:13  Corruptor x2  
  133  16:27  Overlord  
  133  16:36  Corruptor x2  
  133  16:37  Spire  
  136  16:47  Extractor  
  136  16:48  Extractor  
  134  16:57  Corruptor x2  
  134  16:58  Corruptor x2  
  134  17:01  Zergling x6  
  145  17:28  Viper x5  
  160  17:33  Corruptor x4  
  168  17:47  Baneling x5  
  168  17:48  Baneling x3  
  166  18:18  Evolution Chamber, Viper x2  
  166  18:19  Evolution Chamber, Viper x6  
  179  18:20  Evolution Chamber  
  179  18:24  Corruptor x2  
  191  18:31  Zerg Flyer Armor Level 2  
  179  19:05  Zergling x30  
  179  19:06  Zergling x10  
  192  19:24  Baneling  
  192  19:25  Baneling x20  
  192  19:34  Zergling x10  
  111  20:21  Corruptor  
  111  20:22  Corruptor x9  
  131  20:39  Corruptor  
  133  20:43  Hatchery  
  133  20:45  Corruptor  
  121  21:09  Zergling x2  
  121  21:10  Zergling x24  
  121  21:36  Corruptor  
  121  21:37  Corruptor x4  
  130  21:53  Corruptor x4  
  138  22:01  Corruptor  
  138  22:03  Corruptor  
  138  22:07  Corruptor  
  144  22:23  Spore Crawler  
  144  22:24  Spore Crawler  
  139  22:38  Corruptor  
  139  22:39  Corruptor x5  
  85  23:07  Corruptor  
  85  23:08  Corruptor x4  
  86  23:20  Corruptor x2  
  88  23:32  Corruptor x3  
  94  23:40  Corruptor  
  89  23:45  Corruptor  
  88  24:08  Hatchery  
  60  24:20  Corruptor  
  55  24:51  Corruptor x4  
  42  25:48  Zergling x16  
  42  25:49  Zergling x8  
  52  26:20  Hatchery, Zergling x10  
  52  26:21  Zergling x6  
  46  26:58  Zergling x24  
Show
View Real Time Build Order
Export as new Build Order

AngryJaguar Zerg 

Build Orders: Pool First, Lurkers 

Get SALT Encoding   

  12  0:00  Drone  
  13  0:08  Drone  
  14  0:33  Spawning Pool  
  14  0:35  Drone  
  14  0:41  Extractor, Drone  
  15  0:45  Overlord  
  15  0:56  Extractor  
  14  1:20  Hatchery  
  14  1:21  Zergling x6  
  16  1:37  Zergling x2  
  17  1:52  Drone  
  18  1:57  Drone  
  17  2:27  Drone x3  
  20  2:34  Drone  
  21  2:42  Drone  
  22  2:45  Metabolic Boost  
  22  2:51  Queen x2  
  22  2:55  Drone  
  22  2:57  Overlord  
  27  3:15  Drone x5  
  32  3:37  Drone x3  
  32  3:38  Overlord  
  35  3:47  Overlord  
  35  3:56  Overlord  
  35  3:57  Overlord  
  35  3:59  Drone  
  36  4:06  Drone x3  
  39  4:11  Lair  
  39  4:14  Spore Crawler  
  38  4:18  Hatchery  
  37  4:28  Drone x2  
  37  4:30  Extractor  
  38  4:37  Spore Crawler  
  37  4:39  Drone  
  37  4:40  Drone  
  37  4:42  Extractor  
  38  4:46  Drone x3  
  38  4:52  Extractor  
  40  4:54  Drone x2  
  40  4:55  Drone  
  43  5:11  Drone  
  43  5:12  Drone, Evolution Chamber  
  43  5:13  Evolution Chamber  
  43  5:18  Overlord x2  
  43  5:25  Drone  
  43  5:45  Drone x3  
  46  5:51  Zerg Missile Weapons Level 1  
  46  5:52  Zerg Ground Armor Level 1, Hydralisk Den  
  46  5:56  Overseer  
  45  5:58  Overseer  
  45  6:02  Drone  
  46  6:06  Queen x3  
  46  6:07  Overlord x3  
  46  6:08  Overlord  
  52  6:15  Overseer  
  52  6:38  Hydralisk x9  
  69  7:10  Hydralisk x8  
  85  7:19  Spore Crawler  
  85  7:21  Burrow  
  84  7:35  Spore Crawler  
  83  7:48  Overlord x4  
  83  7:50  Zerg Missile Weapons Level 2  
  83  7:51  Zerg Ground Armor Level 2  
  83  7:56  Lurker Den  
  82  8:04  Drone x5  
  82  8:05  Drone  
  88  8:23  Muscular Augments  
  88  8:33  Drone x2  
  88  8:34  Drone x4, Evolution Chamber  
  92  8:36  Hydralisk x2  
  92  8:37  Hydralisk  
  99  9:01  Zerg Melee Weapons Level 1  
  99  9:04  Hydralisk x7  
  99  9:08  Drone x2  
  115  9:27  Hatchery  
  114  9:34  Grooved Spines  
  114  9:48  Hydralisk x4  
  114  9:49  Overlord x2  
  114  9:50  Overlord x4  
  122  10:01  Overlord  
  122  10:02  Overlord x2  
  102  10:38  Hydralisk x16  
  100  11:06  Lurker x4  
  100  11:09  Extractor  
  100  11:10  Extractor  
  102  11:13  Drone x3  
  102  11:14  Drone  
  102  11:15  Drone  
  102  11:16  Drone  
  102  11:17  Drone x3  
  111  11:19  Drone x3  
  111  11:24  Zerg Melee Weapons Level 2  
  114  11:26  Zergling x20  
  105  12:26  Drone  
  105  12:27  Drone x12  
  118  12:37  Infestation Pit  
  96  13:19  Hydralisk x20  
  108  13:20  Zergling x2  
  108  13:21  Zergling x32  
  149  13:28  Hive  
  149  13:30  Hatchery  
  138  14:09  Hydralisk  
  128  14:10  Hydralisk x6  
  128  14:11  Hydralisk, Zergling x2  
  128  14:12  Zergling x28  
  158  14:23  Hydralisk x10  
  129  14:56  Hydralisk x4  
  129  14:57  Hydralisk x7  
  129  14:58  Hydralisk x3  
  153  15:02  Adaptive Talons  
  153  15:05  Zerg Missile Weapons Level 3  
  153  15:07  Zergling x28  
  153  15:10  Lurker  
  153  15:12  Lurker x2  
  170  15:16  Lurker  
  166  15:54  Extractor  
  166  15:56  Extractor  
  164  15:59  Seismic Spines  
  164  16:05  Drone x3  
  164  16:06  Drone x3  
  164  16:07  Drone x2  
  164  16:08  Drone x3  
  164  16:09  Drone, Hatchery  
  175  16:32  Overlord  
  175  16:35  Zerg Ground Armor Level 3  
  175  16:36  Zerg Melee Weapons Level 3  
  175  16:39  Adrenal Glands  
  175  16:45  Zergling x2  
  175  16:46  Zergling x32  
  192  17:04  Lurker x7  
  199  17:25  Overseer  
  199  17:26  Overseer x3  
  168  18:14  Zergling x2  
  168  18:15  Zergling x24  
  168  18:16  Hydralisk x9  
  151  19:34  Hydralisk x17  
  151  19:35  Hydralisk x6  
  158  20:05  Hydralisk x5  
  158  20:06  Hydralisk x7  
  168  20:14  Zergling x6  
  166  20:44  Extractor  
  166  20:46  Hatchery  
  166  20:48  Extractor  
  155  21:20  Lurker x9  
  155  21:21  Zergling x2  
  155  21:22  Zergling x30  
  173  21:54  Hydralisk x2  
  173  21:55  Overlord x4  
  177  22:02  Lurker  
  177  22:03  Lurker x3  
  177  22:04  Overlord x5  
  181  22:17  Extractor  
  181  22:21  Extractor  
  163  23:11  Hydralisk x16  
  163  23:12  Hydralisk x5  
  162  23:35  Hydralisk  
  162  23:36  Hydralisk x7  
  155  24:17  Hydralisk x12  
  157  24:38  Hydralisk x4  
  147  24:39  Hydralisk  
  147  24:40  Hydralisk x3  
  83  26:01  Lurker  
  83  26:02  Lurker x2  
  83  26:03  Lurker  
  87  26:04  Lurker  
  87  26:06  Lurker  
  87  26:09  Hatchery  
  29  27:42  Extractor  
Tags
 
Add a new tag
Caveats
  • Supply blocks, unpowered buildings, or Contaminate may cause inaccurate times.
  • Supply counts are checked every 10 seconds.